 Dungeon Crawl Stone Soup version 0.31-a0-816-gd61d57ddb1 (webtiles) character file.

Game seed: 11400033780891838597

49 Essalna the Digger (level 3, -1/26 HPs)
             Began as a Demonspawn Earth Elementalist on Sept 22, 2023.
             Slain by Terence
             ... wielding a +0 mace
              (7 damage)
             ... on level 2 of the Dungeon.
             The game lasted 00:01:49 (1121 turns).

Essalna the Digger (Demonspawn Earth Elementalist)  Turns: 1121, Time: 00:01:49

Health: -1/26      AC:  3    Str:  8    XL:     3   Next: 53%
Magic:  7/7        EV: 12    Int: 18    God:
Gold:   81         SH:  0    Dex: 13    Spells: 6/7 levels left

rFire   . . .        g - +0 longbow
rCold   . . .        (shield currently unavailable)
rNeg    . . .        a - +0 robe
rPois   +            (no helmet)
rElec   .            (no cloak)
rCorr   .            d - +0 pair of gloves
SInv    .            (no boots)
Will    .....        (no amulet)
Stlth   ++           e - ring of poison resistance
HPRegen 0.24/turn    (no ring)
MPRegen 0.10/turn

%: no passive effects
@: no status effects
A: powered by pain 1
a: no special abilities


You were on level 2 of the Dungeon.
You visited 1 branch of the dungeon, and saw 2 of its levels.

You collected 81 gold pieces.

Inventory:

Hand Weapons
 g - a +0 longbow (weapon)
Armour
 a - a +0 robe (worn)
 d - a +0 pair of gloves (worn)
Jewellery
 e - a ring of poison resistance (left hand)
Scrolls
 i - 2 scrolls of summoning {unknown}
 j - a scroll of amnesia {unknown}
Potions
 b - a potion of magic
 c - a potion of might {unknown}
 f - a potion of degeneration {unknown}
 h - a potion of mutation {unknown}
 k - 2 potions of invisibility {unknown}
 l - 2 potions of attraction {unknown}


   Skills:
 + Level 1.0 Fighting
 - Level 1.7 Dodging
 - Level 1.7 Stealth
 + Level 2.8 Spellcasting
 - Level 0.8 Transmutations
 + Level 3.4 Earth Magic


You had 6 spell levels left.
You knew the following spells:

 Your Spells              Type           Power      Damage    Failure   Level
a - Sandblast             Erth           28%        2d8       4%          1

Your spell library contained the following spells:

 Spells                   Type           Power      Damage    Failure   Level
 Passwall                 Tmut/Erth      8%         N/A       11%         2
 Stone Arrow              Conj/Erth      16%        3d8       26%         3
 Petrify                  Tmut/Erth      10%        N/A       56%         4
 Brom's Barrelling Bould  Conj/Erth      8%         2d3       63%         4


Dungeon Overview and Level Annotations

Branches:
Dungeon (2/15)

Altars:

Shops:
D:2 [:

Annotations:
D:2 Terence


Innate Abilities, Weirdness & Mutations

You sometimes gain a little power by taking damage.


Message History

You are too injured to fight recklessly!
You are too injured to fight recklessly!
You are too injured to fight recklessly!
Fire: g) +0 longbow
Press: ? - help, Q - select action, (/) - cycle Shift-Dir - straight line, f/p - Terence
Aim: Terence, wielding a +0 mace and wearing a +0 scale mail (heavily wounded, 56% to hit)
You shoot an arrow.
The arrow hits Terence but does no damage.
Terence is heavily wounded.
Terence hits you but does no damage. Terence barely misses you.
Fire: g) +0 longbow
Press: ? - help, Q - select action, (/) - cycle Shift-Dir - straight line, f/p - Terence
Aim: Terence, wielding a +0 mace and wearing a +0 scale mail (heavily wounded, 56% to hit)
You shoot an arrow.
The arrow hits Terence but does no damage.
Terence is heavily wounded.
Terence hits you with a +0 mace. x2
Fire: g) +0 longbow
Press: ? - help, Q - select action, (/) - cycle Shift-Dir - straight line, f/p - Terence
Aim: Terence, wielding a +0 mace and wearing a +0 scale mail (heavily wounded, 56% to hit)
You shoot an arrow. The arrow barely misses Terence.
Terence closely misses you. Terence barely misses you.
Fire: g) +0 longbow
Press: ? - help, Q - select action, (/) - cycle Shift-Dir - straight line, f/p - Terence
Aim: Terence, wielding a +0 mace and wearing a +0 scale mail (heavily wounded, 56% to hit)
You shoot an arrow. The arrow closely misses Terence.
Terence completely misses you.
Fire: g) +0 longbow
Press: ? - help, Q - select action, (/) - cycle Shift-Dir - straight line, f/p - Terence
Aim: Terence, wielding a +0 mace and wearing a +0 scale mail (heavily wounded, 56% to hit)
You shoot an arrow. The arrow hits Terence.
Terence is severely wounded.
Terence closely misses you. Terence hits you with a +0 mace!
* * * LOW HITPOINT WARNING * * *
Fire: g) +0 longbow
Press: ? - help, Q - select action, (/) - cycle Shift-Dir - straight line, f/p - Terence
Aim: Terence, wielding a +0 mace and wearing a +0 scale mail (severely wounded, 56% to hit)
You shoot an arrow. The arrow closely misses Terence.
Terence hits you with a +0 mace!
You die...

.# ## .........#
........# #.....###
........# #........
....... #........ ......
#.......# #...#
###.......# #@..###..
#.........# #@.......
#.#.......#####...###..
#.#....................
##.........#####........
...........# #...###..
8.8.8.8....# #...# .
...........# #...#
.8.8.8.8.#.# #####
.........#.#


You could see Terence.

Vanquished Creatures
  An adder (D:2)
  2 dart slugs
  3 bats
  4 endoplasms
  2 giant cockroaches
  2 goblins
  3 hobgoblins
  5 kobolds
  3 ball pythons
  3 frilled lizards
  6 rats
34 creatures vanquished.

Notes
Turn   | Place    | Note
-------+----------+-------------------------------------------
     0 | D:1      | Essalna the Demonspawn Earth Elementalist began the quest
                  | for the Orb.
     0 | D:1      | Reached XP level 1. HP: 13/13 MP: 3/3
   274 | D:1      | Reached skill level 3 in Earth Magic
   274 | D:1      | Gained mutation: You sometimes gain a little power by
                  | taking damage. [demonic ancestry]
   274 | D:1      | Reached XP level 2. HP: 19/19 MP: 5/5
   798 | D:2      | Reached XP level 3. HP: 25/25 MP: 6/6
   823 | D:2      | Found Ditakom's Antique Armour Shop.
   853 | D:2      | Found Oxkozak's Book Shop.
  1004 | D:2      | Reached skill level 1 in Fighting
  1110 | D:2      | Noticed Terence
  1121 | D:2      | Slain by Terence

Illustrated notes

Levels and vault maps discovered:
D:1:      dpeg_arrival_arbitrary_b, layout_basic,
          chequers_serial_rivers_micro_d, corexii_corridor_pit
D:2:      layout_basic, serial_shops, nicolae_diamond_shop, shop, st_stairs_14,
          minmay_misc_feat_columns, grunt_decor_fettered,
          minmay_misc_feat_pillars, uniq_terence

Skill      XL: |  1  2  3 |
---------------+----------+-----
Earth Magic    | 3 |  3.4
Fighting       | 1 |  1.0
Dodging        | |  1.7
Stealth        | |  1.7
Spellcasting   | |  2.8
Transmutations | |  0.8

Action                     || total
---------------------------++-------
   Fire: Longbow           ||    76
   Cast: Sandblast         ||     8
 Armour: Robe              ||    26
  Dodge: Dodged            ||    28

Table legend: (Time is in decaauts)
 A = Elapsed time spent in this place.
 B = Non-inter-level travel time spent in this place.
 C = Inter-level travel time spent in this place.
 D = Time resting spent in this place.
 E = Time spent auto-exploring this place.
 F = Levels seen in this place.
 G = Mean time per level.
                   A        B        C        D        E       F      G
               +--------+--------+--------+--------+--------+-----+--------+
         Total |   1176 |   1159 |     17 |      0 |    943 |   2 |  588.0 |
       Dungeon |   1176 |   1159 |     17 |      0 |    943 |   2 |  588.0 |
               +--------+--------+--------+--------+--------+-----+--------+

Top non-repeatable levels by time:
     D:1: 808 daAuts
     D:2: 368 daAuts
